 Dungeon Crawl Stone Soup version 0.25-a0-1133-g93ebf739aa (webtiles) character file.

Game seed: 1233635708654340122, levelgen mode: deterministic

35584 vurker the Prestidigitator (level 14, -8/99 HPs)
             Began as a Human Artificer on May 20, 2020.
             Was a High Priest of Hepliaklqana.
             Mangled by a spiny frog (54 damage)
             ... on level 6 of the Lair of Beasts.
             The game lasted 00:27:45 (14290 turns).

vurker the Prestidigitator (Human Artificer)       Turns: 14290, Time: 00:27:46

Health: -8/99      AC: 17    Str: 17    XL:     14   Next: 19%
Magic:  23/23      EV: 14    Int: 11    God:    Hepliaklqana [*****.]
Gold:   954        SH:  0    Dex: 15    Spells: 13/13 levels left

rFire    + . .     SeeInvis .   b - +2 dagger (elec)
rCold    . . .     Gourm    .   (no shield)
rNeg     . . .     Faith    .   u - +0 chain mail
rPois    .         Spirit   .   (no helmet)
rElec    .         Reflect  .   y - +0 cloak
rCorr    .         Harm     .   L - +0 pair of gloves
MR       +....                  l - +1 pair of boots
Stlth    ..........             q - amulet of regeneration
HPRegen  0.66/turn              J - ring of protection from fire
MPRegen  0.18/turn              D - +4 ring of evasion

@: sleeping
A: reduced essence
a: Recall Ancestor, Ancestor Identity, Transference, Idealise, Renounce Religion


You were on level 6 of the Lair of Beasts.
You worshipped Hepliaklqana.
Hepliaklqana was extremely pleased with you.
You were not hungry.

You visited 3 branches of the dungeon, and saw 17 of its levels.

You collected 954 gold pieces.

Inventory:

Hand Weapons
 a - a +1 vampiric battleaxe
   (You took it off Harold on level 8 of the Dungeon)
 b - a +2 dagger of electrocution (weapon)
   (You took it off a goblin on level 1 of the Dungeon)
Armour
 l - a +1 pair of boots (worn)
   (You found it on level 1 of the Dungeon)
 u - a +0 chain mail (worn)
   (You found it on level 3 of the Dungeon)
 y - a +0 cloak (worn)
   (You found it on level 10 of the Dungeon)
 L - a +0 pair of gloves (worn)
   (You found it on level 10 of the Dungeon)
Jewellery
 q - an amulet of regeneration (around neck)
   (You found it on level 2 of the Dungeon)
 D - a +4 ring of evasion (right hand)
   (You found it on level 6 of the Dungeon)
 J - a ring of protection from fire (left hand)
   (You found it on level 9 of the Dungeon)
Wands
 c - a wand of disintegration (5)
   (You found it on level 8 of the Dungeon)
 d - a wand of enslavement (22)
 f - a wand of random effects (21)
 p - a wand of polymorph (6)
   (You found it on level 2 of the Dungeon)
 t - a wand of flame (79)
 v - a wand of digging (2)
   (You found it on level 6 of the Dungeon)
 O - a wand of clouds (4)
   (You found it on level 1 of the Lair of Beasts)
Scrolls
 g - 9 scrolls of teleportation
 i - a scroll of enchant weapon
 m - 10 scrolls of remove curse
 A - 3 scrolls of enchant armour
 B - 2 scrolls of identify
 E - 2 scrolls of fog {unknown}
 F - a scroll of blinking
 I - a scroll of vulnerability {unknown}
 M - a scroll of fear
 P - a scroll of holy word {unknown}
Potions
 h - 2 potions of ambrosia
 j - 2 potions of resistance
 n - 8 potions of curing
 o - a potion of flight
 r - 4 potions of heal wounds
 s - 5 potions of lignification
 w - 2 potions of mutation
 z - 2 potions of might
 H - 2 potions of invisibility
 N - a potion of haste
Comestibles
 e - 15 rations
 k - 2 chunks of flesh


   Skills:
 + Level 10.3 Fighting
 - Level 1.0 Short Blades
 * Level 11.5 Axes
 + Level 10.1 Armour
 - Level 5.0 Dodging
 - Level 1.0 Stealth
 - Level 8.0 Invocations
 + Level 12.0 Evocations


You had 13 spell levels left.
You didn't know any spells.
Your spell library contained the following spells:

 Spells                   Type           Power        Failure   Level  Hunger
 Corona                   Hex            #......      98%         1    ##.....
 Slow                     Hex            #.......     99%         2    ###....
 Inner Flame              Hex/Fire       #.......     100%        3    ####...
 Portal Projectile        Hex/Tloc       #.....       100%        3    ####...
 Cause Fear               Hex            #.........   100%        4    #####..
 Leda's Liquefaction      Hex/Erth       #.........   100%        4    #####..


Dungeon Overview and Level Annotations

Branches:
Dungeon (11/15)            Temple (1/1) D:4            Lair (4/6) D:11
 Shoals (0/4) Lair:4        Snake (0/4) Lair:3
    Orc: D:9-12

Altars:
Ashenzari
Cheibriados
Dithmenos
Elyvilon
Fedhas
Gozag
Hepliaklqana
Kikubaaqudgha
Makhleb
Nemelex Xobeh
Okawaru
Qazlal
Ru
Sif Muna
Trog
Uskayaw
Vehumet
Wu Jian
Xom
Yredelemnul
Zin
The Shining One

Shops:
D:4 }   D:7 =

Annotations:
Lair:6 2 runed translucent doors, Kazezu's ghost, journeyman OpHu


Message History

The four-headed hydra bites you but does no damage.
The four-headed hydra closely misses you.
You hit the four-headed hydra.
Njabulo hits the fungus with a +0 quarterstaff.
A dream sheep comes into view.
The four-headed hydra bites you.
The four-headed hydra closely misses you. x2
The four-headed hydra misses you.
You barely miss the four-headed hydra.
The dream sheep bleats!
Njabulo hits the fungus with a +0 quarterstaff!
The fungus is destroyed!
A dream sheep comes into view. x2
The four-headed hydra bites you but does no damage. x2
The four-headed hydra bites you. x2
You swap places.
Njabulo hits the four-headed hydra with a +0 quarterstaff!
The dream sheep shake their wool and sparkle.
You feel drowsy...
You fall asleep.
Njabulo hits the four-headed hydra with a +0 quarterstaff!
The four-headed hydra bites you but does no damage.
The four-headed hydra closely misses you.
The four-headed hydra bites you!!
You wake up.
* * * LOW HITPOINT WARNING * * *
The four-headed hydra barely misses you.
Unknown command.
Unknown command.
You hit the four-headed hydra.
The spiny frog barely misses Njabulo.
Njabulo hits the four-headed hydra with a +0 quarterstaff!
The four-headed hydra bites Njabulo! x4
Njabulo is destroyed!
You hit the four-headed hydra. The spiny frog closely misses you.
The four-headed hydra bites you but does no damage.
The four-headed hydra bites you.
* * * LOW HITPOINT WARNING * * *
The four-headed hydra bites you but does no damage.
The four-headed hydra misses you.
As you read the scroll of teleportation, it crumbles to dust.
You feel strangely unstable. The spiny frog barely misses you.
The spiny frog stings you but does no damage.
Your surroundings suddenly seem different.
The dream sheep bleats!
Found 17 gold pieces.
The spiny frog croaks.
The dream sheep bleats!
The four-headed hydra roars!
The dream sheep shake their wool and sparkle.
You feel drowsy...
You fall asleep.
Found a scroll of random uselessness.
The dream sheep completely misses you. The spiny frog stings you!!!
Ouch! That really hurt!
You die...

...#... . ?...#..$
..# ##...#.#
....####....#.#
............#.#
.....?......# .
............# S..
#.............###++
#%#..#..#..@.......
... #..#.#FY.......
###.P
#####.YY.......
....##...D#...<..#..
#.##....#.#Y.%..# #
###.......##.......#
#........##
........# ##...#..##
........# #......P##
.......


You could see a four-headed hydra, a spiny frog and 4 dream sheep.

Vanquished Creatures
  A hydra (Lair:2)
  2 two-headed ogres
  3 death yaks (Lair:2)
  Urug (Lair:3)
  A manticore (Lair:6)
  An ugly thing (D:11)
  7 elephants
  A black mamba (Lair:6)
  5 spiny frogs
  A rime drake (Lair:6)
  5 blink frogs
  A hornet (D:8)
  2 hippogriffs
  A spriggan (D:9)
  A wyvern (Lair:6)
  12 yaks
  A wraith (D:11)
  2 hungry ghosts
  3 nagas (Lair:3)
  3 water moccasins
  6 porcupines
  2 ice beasts (D:9)
  A sky beast (D:10)
  2 necrophages (D:9)
  2 ogres
  4 phantoms
  2 black bears
  5 orc warriors
  12 wolves
  A big kobold (D:10)
  3 crocodiles
  6 bullfrogs
  A water moccasin zombie (D:7)
  9 wights (D:11)
  A vampire bat (D:4)
  An electric eel (Lair:1)
  A howler monkey (D:10)
  2 crimson imps
  A bullfrog zombie (D:6)
  2 centaur zombies
  A quasit (D:6)
  3 hounds
  2 jellies
  An orc priest (D:8)
  A centaur skeleton (D:6)
  3 iguanas
  3 orc wizards
  7 worker ants
  A hound skeleton (D:8)
  A howler monkey zombie (D:6)
  3 worker ant zombies
  9 gnolls
  2 adders
  3 shadow imps
  2 oozes
  2 adder zombies
  2 adder skeletons
  2 worms (D:2)
  2 dart slugs (D:1)
  2 fire bats (D:4)
  4 leopard geckos
  29 orcs
  2 spectral bats (D:4)
  A ball python (D:1)
  17 bats
  4 bat skeletons
  3 bat zombies
  7 giant cockroaches
  7 goblins
  4 hobgoblins
  7 jackals
  2 quokkas
  A ball python skeleton (D:2)
  A bat simulacrum (D:4)
  5 frilled lizards
  2 jackal skeletons
  A jackal zombie (D:2)
  6 kobolds
  2 leopard gecko skeletons
  A leopard gecko zombie (D:2)
  4 rats
  A fungus (Lair:3)
  4 plants
285 creatures vanquished.

Vanquished Creatures (collateral kills)
  Erolcha (D:9)
  Fannar (D:11)
  Harold (D:8)
  A hydra (Lair:3)
  Erica (Lair:2)
  A death yak (Lair:2)
  2 oklob plants (Lair:2)
  A manticore (Lair:4)
  4 elephants
  A black mamba (Lair:1)
  4 spiny frogs
  2 rime drakes (Lair:6)
  2 komodo dragons
  A troll (D:11)
  A hornet (Lair:6)
  6 blink frogs
  3 hippogriffs
  7 yaks
  2 wyverns (D:9)
  A naga (Lair:3)
  An acid dragon (D:11)
  3 water moccasins
  6 porcupines
  An orc warrior (D:9)
  An ice beast (D:10)
  A sky beast (D:6)
  4 ogres
  2 necrophages
  A centaur (D:10)
  4 wolves
  4 crocodiles
  3 bullfrogs
  A water moccasin skeleton (D:10)
  2 scorpions
  A wight (D:11)
  A howler monkey (D:7)
  A centaur zombie (D:6)
  A jelly (D:9)
  4 orc priests
  3 iron imps (D:6)
  2 iguanas
  3 orc wizards
  A worker ant (D:11)
  A howler monkey skeleton (D:11)
  2 gnolls (D:4)
  An adder (D:6)
  A fire bat (D:4)
  2 leopard geckos (D:7)
  11 orcs
  3 jackals
  A frilled lizard (D:5)
  2 fungi
  2 plants (Lair:2)
120 creatures vanquished.

Vanquished Creatures (others)
  9 battlemagi
  14 fungi
  7 plants
30 creatures vanquished.

Grand Total: 435 creatures vanquished

Notes
Turn   | Place    | Note
-------+----------+-------------------------------------------
     0 | D:1      | vurker the Human Artificer began the quest for the Orb.
     0 | D:1      | Reached XP level 1. HP: 15/15 MP: 3/3
   325 | D:1      | Reached XP level 2. HP: 21/21 MP: 4/4
   454 | D:1      | Reached XP level 3. HP: 12/26 MP: 5/5
  1388 | D:2      | Reached skill level 1 in Armour
  1409 | D:2      | Found an iron altar of Okawaru.
  1433 | D:2      | Reached XP level 4. HP: 24/32 MP: 6/6
  1613 | D:2      | Found a basalt altar of Yredelemnul.
  2032 | D:3      | Reached skill level 4 in Evocations
  2032 | D:3      | Reached XP level 5. HP: 38/38 MP: 6/8
  2059 | D:3      | Noticed a phantom
  2123 | D:3      | Killed a phantom
  2123 | D:3      | Reached XP level 6. HP: 33/44 MP: 9/9
  2619 | D:3      | Found a sparkling altar of Nemelex Xobeh.
  2827 | D:4      | Noticed an orc warrior
  2849 | D:4      | Killed an orc warrior
  3089 | D:4      | Found Wubimon's Gadget Boutique.
  3169 | D:4      | Found a staircase to the Ecumenical Temple.
  3291 | D:4      | Reached XP level 7. HP: 51/51 MP: 10/10
  3367 | Temple   | Entered the Ecumenical Temple
  3612 | Temple   | Became a worshipper of Hepliaklqana the Forgotten
  3673 | D:4      | Reached skill level 5 in Evocations
  4045 | D:4      | Reached skill level 1 in Invocations
  4257 | D:5      | Entered Level 5 of the Dungeon
  4420 | D:5      | Found a glowing golden altar of the Shining One.
  4570 | D:5      | Reached XP level 8. HP: 48/52 MP: 12/12
  4595 | D:5      | Reached * piety under Hepliaklqana
  4993 | D:6      | Reached skill level 5 in Dodging
  5116 | D:6      | Reached skill level 6 in Evocations
  5235 | D:6      | Found a sparkling altar of Nemelex Xobeh.
  5627 | D:6      | Found a burning altar of Makhleb.
  5819 | D:7      | Reached XP level 9. HP: 48/59 MP: 14/14
  5938 | D:7      | Found Remitz Piff's Jewellery Shoppe.
  5962 | D:7      | Reached skill level 7 in Evocations
  5990 | D:7      | Reached ** piety under Hepliaklqana
  6353 | D:7      | Remembered your ancestor Njabulo as a battlemage
  6362 | D:8      | Noticed a hornet
  6373 | D:8      | Paralysed by a hornet for 2 turns
  6376 | D:8      | Killed a hornet
  6376 | D:8      | Reached skill level 5 in Fighting
  6664 | D:8      | Reached skill level 5 in Armour
  6664 | D:8      | Reached skill level 8 in Evocations
  6695 | D:8      | Noticed Harold
  6725 | D:8      | Killed Harold
  6725 | D:8      | Reached skill level 5 in Invocations
  6725 | D:8      | Reached XP level 10. HP: 21/68 MP: 16/16
  7050 | D:8      | Reached skill level 1 in Axes
  7050 | D:8      | Reached skill level 9 in Evocations
  7093 | D:8      | Noticed a two-headed ogre
  7097 | D:8      | Killed a two-headed ogre
  7104 | D:8      | Found a snail-covered altar of Cheibriados.
  7138 | D:8      | Found a blossoming altar of Fedhas.
  7139 | D:8      | Found a stormy altar of Qazlal.
  7140 | D:8      | Found a snail-covered altar of Cheibriados.
  7228 | D:9      | Reached *** piety under Hepliaklqana
  7632 | D:9      | Reached XP level 11. HP: 74/74 MP: 18/18
  7912 | D:9      | Noticed Erolcha
  7920 | D:9      | Killed Erolcha
  7920 | D:9      | Reached skill level 5 in Axes
  8206 | D:10     | Entered Level 10 of the Dungeon
  8301 | D:10     | Noticed a two-headed ogre
  8307 | D:10     | Killed a two-headed ogre
  8307 | D:10     | Reached skill level 10 in Evocations
  8494 | D:10     | Reached **** piety under Hepliaklqana
  9138 | D:11     | Noticed a white ugly thing
  9151 | D:11     | Killed a white ugly thing
  9907 | D:11     | Found a staircase to the Lair.
  9912 | D:11     | Reached XP level 12. HP: 81/82 MP: 19/19
  9979 | D:11     | Noticed Fannar
  9991 | D:11     | Killed Fannar
 10120 | Lair:1   | Entered Level 1 of the Lair of Beasts
 11189 | Lair:2   | Reached ***** piety under Hepliaklqana
 11262 | Lair:2   | Noticed a death yak
 11262 | Lair:2   | Noticed a death yak
 11262 | Lair:2   | Noticed a death yak
 11264 | Lair:2   | Noticed a death yak
 11299 | Lair:2   | Killed a death yak
 11300 | Lair:2   | Killed a death yak
 11304 | Lair:2   | Killed a death yak
 11673 | Lair:2   | Noticed a five-headed hydra
 11684 | Lair:2   | Killed a five-headed hydra
 11684 | Lair:2   | Reached skill level 11 in Evocations
 11778 | Lair:2   | Reached XP level 13. HP: 90/90 MP: 21/21
 11997 | Lair:2   | Noticed Erica
 12003 | Lair:2   | Killed Erica
 12443 | Lair:3   | Noticed Urug
 12469 | Lair:3   | Killed Urug
 12598 | Lair:3   | Reached skill level 10 in Axes
 13030 | Lair:3   | Found a staircase to the Snake Pit.
 13120 | Lair:3   | Noticed a four-headed hydra
 13127 | Lair:3   | Killed a five-headed hydra
 13805 | Lair:4   | Found a staircase to the Shoals.
 13871 | Lair:4   | Reached skill level 10 in Fighting
 13955 | Lair:4   | You fall into a shaft and drop 2 floors!
 13955 | Lair:6   | Entered Level 6 of the Lair of Beasts
 14069 | Lair:6   | Reached XP level 14. HP: 84/99 MP: 22/22
 14099 | Lair:6   | Reached skill level 10 in Armour
 14104 | Lair:6   | Reached skill level 12 in Evocations
 14270 | Lair:6   | Found a runed translucent gate.
 14274 | Lair:6   | Noticed Kazezu's ghost (journeyman OpHu)
 14288 | Lair:6   | Found a runed translucent gate.
 14290 | Lair:6   | Mangled by a spiny frog

Illustrated notes

Levels and vault maps discovered:
D:1:      erik_arrival_blinker_ship, layout_loops_ring
D:2:      layout_rooms, okawaru_ov_weapons_minmay,
          nicolae_overflow_crystal_walls, serial_undead, serial_undead_d,
          serial_undead_d, serial_undead_e, serial_undead_d, serial_undead_f,
          serial_undead_f
D:3:      layout_basic, nemelex_diamond_rough_becter
D:4:      layout_cave_pods, minmay_temple_entry_stoned_glass, serial_shops,
          nicolae_shop_behind_doors, first_ration, goddamned_bats
D:5:      layout_rooms, tso_metal_star
D:6:      layout_basic, demons_altar, nemelex_xobeh_ov_fountains_minmay,
          serial_glass, glass_columns_c, glass_columns_c
D:7:      layout_cave_pools, serial_shops, kennysheep_mini,
          minmay_misc_feat_pillars
D:8:      layout_loops_ring, chequers_temple_overflow_statue_of_worship,
          basic_altar, uniq_harold
D:9:      layout_roguey, the_bakery, uniq_erolcha
D:10:     layout_irregular_city
D:11:     layout_basic, grunt_lair_entry_orc_guard_hut, uniq_fannar
Temple:   minmay_temple_curvy_branch
Lair:1:   layout_cave_pods, serial_bayou_shore_a
Lair:2:   layout_regular_city, bh_autumn_forest_stairs,
          minmay_lair_oklob_chamber, uniq_erica
Lair:3:   layout_small_grid, minmay_snake_entry_guardpost_medium, uniq_urug
Lair:4:   layout_small_grid, minmay_shoals_entry_beasts
Lair:6:   gammafunk_lair_ancient_temple, layout_regular_city,
          gammafunk_ghost_split, hibernation_bobbens

Skill      XL: |  1  2  3  4  5  6  7  8  9 10 11 12 13 14 |
---------------+-------------------------------------------+-----
Armour         | 1 2 4 5 6 7 8 9 10 | 10.1
Dodging        | 3 4 5 |  5.0
Evocations     | 4 5 6 8 9 10 11 12 | 12.0
Fighting       | 2 3 4 5 6 7 9 10 | 10.3
Invocations    | 1 3 5 6 7 8 |  8.0
Axes           | 3 6 9 11 | 11.5
Short Blades   | |  1.0
Stealth        | |  1.0

Action                   |  1- 3 |  4- 6 |  7- 9 | 10-12 | 13-15 || total
-------------------------+-------+-------+-------+-------+-------++-------
Melee: Short sword       |    23 |       |       |       |       ||    23
       Dagger            |    80 |   183 |   356 |   282 |    20 ||   921
       Battleaxe         |       |       |       |   170 |   245 ||   415
Throw: Throwing net      |       |       |     1 |       |       ||     1
Invok: Ancestor Life: Ba |       |       |     1 |       |       ||     1
       Recall Ancestor   |       |       |       |     2 |     1 ||     3
Evoke: Wand              |     5 |       |     3 |    36 |     2 ||    46
  Use: Scroll            |       |       |    15 |     1 |    10 ||    26
       Potion            |       |       |       |       |     1 ||     1
 Stab: Paralysed         |     2 |       |       |       |       ||     2
       Distracted        |       |       |     1 |     3 |     8 ||    12
       Held in net/web   |       |       |     1 |       |       ||     1
  Eat: Chunk             |     2 |     6 |    11 |    19 |     5 ||    43
       Ration            |       |       |       |       |     1 ||     1
Armor: Leather armour    |    23 |       |       |       |       ||    23
       Scale mail        |    16 |    43 |       |       |       ||    59
       Chain mail        |       |    54 |   279 |   230 |   180 ||   743
Dodge: Dodged            |    73 |    67 |   238 |   349 |   254 ||   981

Table legend:
 A = Non-vault XP
 B = Vault XP
 C = Vault XP percentage of total XP
 D = Non-vault monster count
 E = Vault monster count
 F = Vault count percentage of total count
                 A         B        C        D         E       F
            +---------+---------+-------+---------+---------+-------
      Total |   39602 |   11233 |  22.1 |     335 |      61 |  15.4
            +---------+---------+-------+---------+---------+-------
        D:1 |      48 |       0 |   0.0 |      25 |       0 |   0.0
        D:2 |      57 |      22 |  27.8 |      15 |      10 |  40.0
        D:3 |     160 |       0 |   0.0 |      11 |       0 |   0.0
        D:4 |     316 |     179 |  36.2 |      24 |      20 |  45.5
        D:5 |     331 |       0 |   0.0 |      15 |       0 |   0.0
        D:6 |     752 |     118 |  13.6 |      25 |       3 |  10.7
        D:7 |     674 |       0 |   0.0 |      11 |       0 |   0.0
        D:8 |    2279 |    1018 |  30.9 |      22 |       1 |   4.3
        D:9 |    2990 |    1314 |  30.5 |      33 |       2 |   5.7
       D:10 |    2260 |       0 |   0.0 |      24 |       0 |   0.0
       D:11 |    2414 |    1496 |  38.3 |      30 |       6 |  16.7
     Lair:1 |    3243 |       0 |   0.0 |      17 |       0 |   0.0
     Lair:2 |    9137 |    2099 |  18.7 |      31 |       4 |  11.4
     Lair:3 |    9123 |    1476 |  13.9 |      28 |       5 |  15.2
     Lair:4 |    1603 |     765 |  32.3 |      11 |       2 |  15.4
     Lair:6 |    4215 |    2746 |  39.4 |      13 |       8 |  38.1
            +---------+---------+-------+---------+---------+-------
